 Dungeon Crawl Stone Soup version 0.28.0-47-ge53b351184 (webtiles) character file.

Game seed: 9666505012366161728

48 safid the Skirmisher (level 3, -4/33 HPs)
             Began as a Hill Orc Fighter on May 4, 2022.
             Slain by Grinder (5 damage)
             ... while paralysed by Grinder
             ... on level 2 of the Dungeon.
             The game lasted 00:01:55 (1764 turns).

safid the Skirmisher (Hill Orc Fighter)             Turns: 1764, Time: 00:01:55

Health: -4/33      AC:  7    Str: 20    XL:     3   Next: 72%
Magic:  3/3        EV:  2    Int:  8    God:
Gold:   125        SH:  0    Dex: 10    Spells: 2/2 levels left

rFire   . . .      SeeInvis .   a - +0 war axe
rCold   . . .      Faith    .   c - +0 buckler
rNeg    . . .      Spirit   .   b - +0 scale mail
rPois   .          Reflect  .   (no helmet)
rElec   .          Harm     .   (no cloak)
rCorr   .          Rampage  .   (no gloves)
Will    .....                   (no boots)
Stlth   ..........              (no amulet)
HPRegen 0.11/turn               (no ring)
MPRegen 0.08/turn               (no ring)

@: paralysed
A: no striking features
a: no special abilities


You were on level 2 of the Dungeon.
You visited 1 branch of the dungeon, and saw 3 of its levels.

You collected 125 gold pieces.

Inventory:

Hand Weapons
 a - a +0 war axe (weapon)
Missiles
 k - 3 javelins (quivered)
Armour
 b - a +0 scale mail (worn)
 c - a +0 buckler (worn)
Scrolls
 g - 2 scrolls of identify {unknown}
 j - a scroll of torment {unknown}
 m - a scroll of fear {unknown}
Potions
 d - a potion of might
 e - a potion of curing {unknown}
 f - a potion of attraction {unknown}
 h - a potion of brilliance {unknown}
 i - a potion of heal wounds {unknown}
 l - a potion of cancellation {unknown}


   Skills:
 - Level 4.0 Fighting
 + Level 3.5 Axes
 + Level 3.8 Armour
 + Level 3.9 Shields


You had 2 spell levels left.
You didn't know any spells.
Your spell library was empty.

Dungeon Overview and Level Annotations

Branches:
Dungeon (3/15)

Altars:

Annotations:
D:2 Grinder


Message History

Done exploring.
Done exploring.
(D) Dungeon
Where to? (Enter - D:2 @ (x,y), ? - help)
You enter the shallow water.
Moving in this stuff is going to be slow.
There is a stone staircase leading down here.
You climb downwards.
Grinder shouts!
The orc shouts!
You hear a shout! x2
There is a stone staircase leading up here.
There are monsters nearby!
Throw: 4 javelins
Press: ? - help, Q - select action Shift-Dir - straight line, f - Grinder
Aim: Grinder (53% to hit)
You throw a javelin. The javelin closely misses Grinder.
Unknown command.
Grinder gestures at you. Pain shoots through your body!
You climb upwards.
There is a stone staircase leading down here.
You slash Grinder!
Grinder is moderately wounded.
Grinder hits you!
You writhe in agony.
You closely miss Grinder.
Grinder is moderately wounded.
Grinder gestures at you. Pain shoots through your body!
Grinder barely misses you.
You closely miss Grinder.
Grinder is moderately wounded.
Grinder hits you.
* * * LOW HITPOINT WARNING * * *
Unknown command.
You closely miss Grinder.
Grinder is moderately wounded.
Grinder gestures at you.
You suddenly lose the ability to move!
Grinder hits you.
* * * LOW HITPOINT WARNING * * *
You writhe in agony.
You die...

#.# ##...## #..##..####.
####.# ##.#####...........
...#.# #............#####
.#...## #.######.###.# ##
#≈≈≈..# #.# #..##.# #.
#≈≈≈≈.# #.# ##.##.####.
..≈≈..# #.# #.##......
≈.....# #5# ##.####....
≈≈≈≈≈.#
####@######...###.###
#..≈≈## #.......##.....##.#
..♣≈≈# #.#####...........#
≈♣#≈.########.#
#.##.....####
≈..≈≈.........#####.###...##
..#≈###..........##.# ##.##
##### #.##P#####.##.# #.#
.## #.#.P.........#
#.######## ..##
#.PP.....#..#.# #.........


You could see Grinder.

Vanquished Creatures
  An adder (D:2)
  A worm (D:2)
  2 dart slugs (D:1)
  3 ball pythons
  5 endoplasms
  2 giant cockroaches
  4 goblins
  2 hobgoblins
  3 kobolds
  A quokka (D:2)
  3 bats
  2 frilled lizards
  A rat (D:1)
30 creatures vanquished.

Vanquished Creatures (others)
  A plant (D:1)
1 creature vanquished.

Grand Total: 31 creatures vanquished

Notes
Turn   | Place    | Note
-------+----------+-------------------------------------------
     0 | D:1      | safid the Hill Orc Fighter began the quest for the Orb.
     0 | D:1      | Reached XP level 1. HP: 19/19 MP: 1/1
   208 | D:1      | Reached XP level 2. HP: 21/27 MP: 2/2
  1014 | D:2      | Reached skill level 4 in Fighting
  1014 | D:2      | Reached XP level 3. HP: 33/33 MP: 3/3
  1756 | D:3      | Noticed Grinder
  1763 | D:2      | Paralysed by Grinder for 4 turns
  1764 | D:2      | HP: 1/33 [Grinder (3)]
  1764 | D:2      | Slain by Grinder

Illustrated notes

Levels and vault maps discovered:
D:1:      minmay_arrival_loop, layout_loops_ring, serial_forest,
          infiniplex_forest_clump_curved, infiniplex_forest_straight_1,
          infiniplex_forest_clump_curved, infiniplex_forest_lined_1,
          amcnicky_mini_pool_small
D:2:      cheibrodos_old_hovel, layout_loops_ring, chequers_serial_rivers_marsh
D:3:      layout_rooms, gammafunk_temple_overflow_statue,
          nicolae_overflow_ecumenical_swirl, kennysheep_cross_bottleneck,
          chequers_serial_rivers_room_b, kennysheep_generic_room_9, uniq_grinder

Skill      XL: |  1  2 |
---------------+-------+-----
Axes           | 3 |  3.5
Fighting       | 4 |  4.0
Armour         | |  3.8
Shields        | |  3.9

Action                   || total
-------------------------++-------
Melee: War axe           ||    78
Throw: Javelin           ||     1
Armor: Scale mail        ||    33
Dodge: Dodged            ||    31
Block: Buckler           ||    20
